 Dungeon Crawl Stone Soup version 0.30-a0-358-g0d69a1922f (webtiles) character file.

Game seed: 14834043474536553877

406 Sweetruy1997 the Chopper (level 6, -1/43 HPs)
             Began as a Demonspawn Chaos Knight on Nov 8, 2022.
             Was a Plaything of Xom.
             Slain by an ice devil (31 damage)
             ... summoned by Xom
             ... on level 4 of the Dungeon on Nov 9, 2022.
             The game lasted 00:10:20 (3078 turns).

Sweetruy1997 the Chopper (Demonspawn Chaos Knight)  Turns: 3078, Time: 00:10:21

Health: -1/43      AC:  8    Str: 13    XL:     6   Next: 56%
Magic:  8/8        EV: 11    Int: 13    God:    Xom [*.....]
Gold:   163        SH:  0    Dex: 12    Spells: 4/7 levels left

rFire   + . .      SeeInvis .    r - +4 club (chaos)
rCold   x . .      Faith    .    (no shield)
rNeg    . . .      Spirit   .    b - +2 leather armour
rPois   .          Reflect  .    (no helmet)
rElec   .          Harm     .    (no cloak)
rCorr   .          Rampage  .    a - +0 pair of gloves
Will    .....                    (no boots)
Stlth   ++........               (no amulet)
HPRegen 0.27/turn                e - ring of fire
MPRegen 0.11/turn                k - ring of flight

@: flying
A: icy blue scales 1, demonic guardian 1, clumsy 1, frail 1, high MP 1,
screaming 1
a: Renounce Religion


You were on level 4 of the Dungeon.
You worshipped Xom.
You were a special plaything of Xom.
You visited 1 branch of the dungeon, and saw 4 of its levels.

You collected 163 gold pieces.

Inventory:

Hand Weapons
 r - a +4 club of chaos (weapon)
Armour
 a - a +0 pair of gloves (worn)
 b - a +2 leather armour (worn)
Jewellery
 e - a ring of fire (left hand)
 k - a ring of flight (right hand)
Scrolls
 f - 3 scrolls of fog
 i - a scroll of teleportation
 j - 2 scrolls of amnesia
 l - a scroll of silence
 n - a scroll of magic mapping
 o - a scroll of summoning {unknown}
Potions
 d - a potion of curing
 g - a potion of haste {unknown}
 h - 2 potions of heal wounds {unknown}
 m - 2 potions of cancellation {unknown}
 p - a potion of degeneration {unknown}
 q - 2 potions of attraction {unknown}
Miscellaneous
 c - a piece from Xom's chessboard (13/15)


   Skills:
 + Level 3.7 Fighting
 - Level 3.8(4.0) Axes
 + Level 1.1(2.7) Maces & Flails
 - Level 2.0 Armour
 + Level 1.4 Dodging
 + Level 3.6 Stealth
 + Level 1.3 Spellcasting
 + Level 1.4 Conjurations
 + Level 0.1 Summonings
 + Level 1.3 Evocations


You had 4 spell levels left.
You knew the following spells:

 Your Spells              Type           Power      Damage    Failure   Level
a - Magic Dart            Conj           16%        1d3       19%         1
b - Call Imp              Summ           1%         N/A       45%         2

Your spell library contained the following spells:

 Spells                   Type           Power      Damage    Failure   Level
 Mephitic Cloud           Conj/Pois/Air  2%         N/A       65%         3


Dungeon Overview and Level Annotations

Branches:
Dungeon (4/15)
 Temple: D:4-7

Altars:

Shops:
D:2 :


Innate Abilities, Weirdness & Mutations

You are partially covered in icy blue scales. (AC +2)
A weak demonic guardian rushes to your aid.
You are clumsy. (Dex -2)
You are frail. (-10% HP)
You have an increased reservoir of magic. (+10% MP)
You occasionally shout uncontrollably at your foes.


Message History

You hit the endoplasm. You burn the endoplasm.
You kill the endoplasm!
No target in view!
A ball python comes into view. "Time to have some fun!"
You swap places.
Your goblin zombie barely misses the ufetubus.
The white imp gestures at you.
The puff of frost hits your goblin zombie.
Your goblin zombie completely resists.
Your goblin zombie hits the ufetubus but does no damage.
The ice devil hits your goblin zombie.
The ice devil freezes your goblin zombie.
Your goblin zombie resists.
The ufetubus attacks as you move away!
The ufetubus hits you but does no damage.
The ufetubus barely misses you. The ufetubus hits you.
The ufetubus completely misses you.
You hit the ufetubus.
The ufetubus suddenly seems more agile.
The ufetubus is moderately wounded.
The ufetubus hits you but does no damage. x2
The ice devil hits your goblin zombie!
Your goblin zombie is destroyed!
You closely miss the ufetubus.
The ufetubus is moderately wounded.
The ufetubus closely misses you.
The ufetubus hits you but does no damage.
The ufetubus closely misses you. The ufetubus hits you.
You closely miss the ufetubus.
The ufetubus is moderately wounded.
The ufetubus hits you but does no damage.
The ufetubus misses you.
You hit the ice devil but do no damage. You hit the ice devil.
The ice devil flickers and vanishes!
Deactivating autopickup; reactivate with Ctrl-A.
Something hits you but does no damage. Something hits you!
Something freezes you!!
You feel a terrible chill!
Ouch! That really hurt!
You die... "Huh?
Did I miss anything?"

.....)............
..#.....#.......$.
##..............
##.#.#......... ####
##..#...5.......
#..####..####..........
#...##..#####...........
##Z#....##.{555..^.......#
#.Z##..#..@####...........#
##.###....>## #........# ..
######..........#
#......#)## #
...[....###.....#
#......#..### .......##
#.....# ##########..##.
.......#
#.....###..............
.......#
#...................#..
.......#
#.....#........).......
.......#
#.....#................


You could see an iron imp (summoned), a white imp (summoned) and an ufetubus
(summoned, agile).

Vanquished Creatures
  Sigmund (D:2)
  A necrophage (D:4)
  An orc wizard (D:3)
  Robin (D:2)
  An adder (D:3)
  4 gnolls (D:3)
  3 dart slugs
  7 orcs
  4 ball pythons
  10 endoplasms
  3 giant cockroaches
  18 goblins
  8 hobgoblins
  3 quokkas (D:2)
  3 bats
  2 frilled lizards (D:1)
  2 kobolds
  6 rats
78 creatures vanquished.

Vanquished Creatures (collateral kills)
  A kobold (D:4)
1 creature vanquished.

Vanquished Creatures (others)
  A goblin zombie (D:4)
1 creature vanquished.

Grand Total: 80 creatures vanquished

Notes
Turn   | Place    | Note
-------+----------+-------------------------------------------
     0 | D:1      | Sweetruy1997 the Demonspawn Chaos Knight began the quest
                  | for the Orb.
     0 | D:1      | Reached XP level 1. HP: 18/18 MP: 1/1
   227 | D:1      | Gained mutation: You are partially covered in icy blue
                  | scales. (AC +2) [demonic ancestry]
   227 | D:1      | Reached XP level 2. HP: 24/24 MP: 2/2
   321 | D:1      | Reached skill level 1 in Dodging
   352 | D:1      | XOM: cloud trail
   721 | D:1      | XOM: divination: detect items
   847 | D:2      | Noticed Robin
   857 | D:2      | Reached XP level 3. HP: 22/29 MP: 3/3
   860 | D:2      | Reached skill level 1 in Stealth
   863 | D:2      | XOM: silly message
   868 | D:2      | Killed Robin
   975 | D:2      | Noticed Sigmund
   980 | D:2      | XOM: potion effect (invisibility)
   983 | D:2      | XOM: butterfly on damage
  1001 | D:2      | Killed Sigmund
  1002 | D:2      | Reached skill level 1 in Evocations
  1002 | D:2      | Reached XP level 4. HP: 22/37 MP: 4/4
  1002 | D:2      | Gained mutation: A weak demonic guardian rushes to your
                  | aid. [demonic ancestry]
  1002 | D:2      | Reached XP level 5. HP: 25/42 MP: 5/5
  1029 | D:2      | XOM: give mutations
  1029 | D:2      | Gained mutation: You are clumsy. (Dex -2) [Xom's mischief]
  1029 | D:2      | Gained mutation: You have an increased reservoir of magic.
                  | (+10% MP) [Xom's mischief]
  1029 | D:2      | Gained mutation: You occasionally shout uncontrollably at
                  | your foes. [Xom's mischief]
  1029 | D:2      | Gained mutation: You are frail. (-10% HP) [Xom's mischief]
  1055 | D:2      | Learned a level 1 spell: Magic Dart
  1197 | D:2      | Found Tuhoum's Book Emporium.
  1205 | D:2      | XOM: noise
  1352 | D:2      | XOM: 3-stop teleportation journey
  1374 | D:2      | XOM: 10-stop teleportation journey
  1794 | D:3      | XOM: chaos upgrade
  1970 | D:3      | XOM: confuse monster(s)
  1979 | D:3      | Reached XP level 6. HP: 41/43 MP: 0/7
  1982 | D:3      | Learned a level 2 spell: Call Imp
  2085 | D:3      | XOM: silly message
  2138 | D:3      | XOM: smoke on damage
  2212 | D:3      | XOM: 6-stop teleportation journey
  2363 | D:3      | XOM: silly message
  2370 | D:3      | Reached skill level 1 in Conjurations
  2589 | D:3      | Reached skill level 1 in Spellcasting
  2682 | D:4      | an ogre changed into a rime drake
  2682 | D:4      | Noticed a rime drake
  2682 | D:4      | XOM: polymorph ogre -> rime drake
  2827 | D:4      | XOM: summons 1 hostile shadow creature
  2829 | D:4      | Reached skill level 1 in Maces & Flails
  3067 | D:4      | XOM: summons 4 hostile demons
  3068 | D:4      | Noticed an ice devil
  3078 | D:4      | Slain by an ice devil

Illustrated notes

Levels and vault maps discovered:
D:1:      ncdulo_watergridlock, layout_basic
D:2:      layout_rooms, serial_forest, infiniplex_forest_lined_ring,
          infiniplex_forest_straight_4, infiniplex_forest_straight_2,
          infiniplex_forest_lined_3_way, infiniplex_forest_straight_3,
          infiniplex_forest_clump_small, serial_shops,
          nicolae_shop_advertising_works [nicolae_subvault_shop_adworks],
          uniq_sigmund, uniq_robin
D:3:      layout_loops_ring
D:4:      layout_rooms, fedhas_altar_4, beargit_hepliaklqana_dungeon_heroes

Skill      XL: |  1  2  3  4  5  6 |
---------------+-------------------+-----
Armour         | 2 |  2.0
Dodging        | 1 |  1.4
Axes           | 3 |  3.8
Stealth        | 3 |  3.6
Evocations     | 1 |  1.3
Conjurations   | 1 |  1.4
Spellcasting   | 1 |  1.3
Maces & Flails | 1 |  1.1
Fighting       | |  3.7
Summonings     | |  0.1

Action                   |  1- 3 |  4- 6 || total
-------------------------+-------+-------++-------
Melee: Hand axe          |    71 |    38 ||   109
       Club              |       |    75 ||    75
 Cast: Magic Dart        |       |    49 ||    49
       Call Imp          |       |     2 ||     2
Evoke: Piece from Xom's  |    18 |     3 ||    21
  Use: Scroll            |     3 |     5 ||     8
 Stab: Petrified         |    16 |       ||    16
       Paralysed         |     7 |       ||     7
       Sleeping          |     1 |     1 ||     2
       Confused          |       |     1 ||     1
       Petrifying        |       |     1 ||     1
Armor: Leather armour    |    30 |    52 ||    82
Dodge: Dodged            |    31 |    60 ||    91

Table legend: (Time is in decaauts)
 A = Elapsed time spent in this place.
 B = Non-inter-level travel time spent in this place.
 C = Inter-level travel time spent in this place.
 D = Time resting spent in this place.
 E = Time spent auto-exploring this place.
 F = Levels seen in this place.
 G = Mean time per level.
                   A        B        C        D        E       F      G
               +--------+--------+--------+--------+--------+-----+--------+
         Total |   3105 |   2970 |    135 |    266 |   2136 |   4 |  776.2 |
       Dungeon |   3105 |   2970 |    135 |    266 |   2136 |   4 |  776.2 |
               +--------+--------+--------+--------+--------+-----+--------+

Top non-repeatable levels by time:
     D:3: 1085 daAuts
     D:2: 892 daAuts
     D:1: 846 daAuts
     D:4: 280 daAuts
